 Dungeon Crawl Stone Soup version 0.31-a0-496-g6f97920a28 (webtiles) character file.

Game seed: 6847286553813180802

32 AstroCodex24 the Shield-Bearer (level 3, 0/28 HPs)
             Began as a Vampire Fighter on Aug 8, 2023.
             Succumbed to an adder's poison
             ... on level 6 of the Dungeon.
             The game lasted 00:02:04 (429 turns).

AstroCodex24 the Shield-Bearer (Vampire Fighter)     Turns: 429, Time: 00:02:34

Health: 0/28       AC:  6    Str: 17    XL:     3   Next: 8%
Magic:  3/3        EV:  9    Int: 10    God:
Gold:   42         SH:  4    Dex: 13    Spells: 2/2 levels left

rFire   . . .        a - +0 war axe
rCold   . . .        c - +0 buckler
rNeg    . . .        b - +0 scale mail
rPois   .            (no helmet)
rElec   .            (no cloak)
rCorr   .            (no gloves)
SInv    +            (no boots)
Will    .....        (no amulet) Stlth
                     (no ring)
HPRegen 0.44/turn    (no ring)
MPRegen 0.08/turn

%: no passive effects
@: lethally poisoned (0 -> -4), healing quickly
A: alive, fangs 3, see invisible, vampiric 2
a: Exsanguinate


You were on level 6 of the Dungeon.
You visited 1 branch of the dungeon, and saw 6 of its levels.

You collected 42 gold pieces.

Inventory:

Hand Weapons
 a - a +0 war axe (weapon)
Armour
 b - a +0 scale mail (worn)
 c - a +0 buckler (worn)
Scrolls
 e - a scroll of teleportation {unknown}
 f - a scroll of fear {unknown}
 g - a scroll of blinking {unknown}
Potions
 d - a potion of might


   Skills:
 + Level 2.9 Fighting
 + Level 2.1 Axes
 + Level 2.8 Armour
 + Level 0.1 Dodging
 + Level 3.0 Shields


You had 2 spell levels left.
You didn't know any spells.
Your spell library contained the following spells:

 Spells                   Type           Power      Damage    Failure   Level
 Freeze                   Ice            0%         1d3       86%         1
 Frozen Ramparts          Ice            0%         1d1       99%         3
 Hailstorm                Conj/Ice       0%         3d3       99%         3


Dungeon Overview and Level Annotations

Branches:
Dungeon (6/15)
 Temple: D:4-7

Altars:
Dithmenos

Annotations:
D:3 2 transporters
D:4 Sigmund


Innate Abilities, Weirdness & Mutations

Your natural rate of healing is accelerated.
You have razor-sharp teeth.
You have supernaturally acute eyesight. (SInv)
You are afflicted with vampirism and can become a bat while bloodless.


Message History

Sigmund gestures wildly while chanting.
Sigmund flickers and vanishes for a moment.
The hobgoblin misses you. The orc closely misses you.
The hobgoblin barely misses you.
You see here a jackal corpse.
There is an escape hatch in the floor here.
The hobgoblin barely misses you.
You slide downwards.
The hatch slams shut behind you.
Okay, then.
You open the door.
Found a forked copper wand.
Found an escape hatch in the ceiling and an escape hatch in the floor.
Found a stone staircase leading down.
An adder comes into view.
The adder moves out of view.
There is an open door here.
The sleepcap barely misses you.
There is a stone staircase leading down here.
The adder closely misses you. The sleepcap barely misses you.
You climb downwards.
There is a stone staircase leading up here.
The adder completely misses you. The adder barely misses you.
The sleepcap releases spores at you but does no damage.
You climb upwards.
There is a stone staircase leading down here.
You block the adder's attack. The sleepcap releases spores at you.
You are engulfed in a cloud of soporific spores!
You fall asleep.
You stop descending the stairs.
The adder bites you.
You wake up.
* * * LOW HITPOINT WARNING * * *
You are poisoned.
The adder poisons you! You block the sleepcap's attack.
You feel sick. The adder bites you but does no damage.
The sleepcap releases spores at you.
* * * LOW HITPOINT WARNING * * *
You are engulfed in a cloud of soporific spores!
You are unaffected.
The adder completely misses you.
You climb downwards.
You die...

##########
#........#
#........#
#..S.....#
#.f@.....#
#######....
.


You could see a sleepcap and an adder.

Vanquished Creatures
  An adder (D:4)
  A dart slug (D:4)
  An orc (D:4)
  2 ball pythons
  A goblin (D:4)
  3 hobgoblins
  2 jackals (D:4)
  2 quokkas
  2 bats
  3 kobolds
18 creatures vanquished.

Notes
Turn   | Place    | Note
-------+----------+-------------------------------------------
     0 | D:1      | AstroCodex24 the Vampire Fighter began the quest for the
                  | Orb.
     0 | D:1      | Reached XP level 1. HP: 17/17 MP: 1/1
   225 | D:3      | Found a transporter.
   228 | D:3      | Noticed an electric eel
   229 | D:3      | Noticed an electric eel
   242 | D:3      | Noticed an electric eel
   250 | D:3      | Found a transporter.
   286 | D:3      | Reached XP level 2. HP: 21/23 MP: 2/2
   292 | D:3      | Found a shadowy altar of Dithmenos.
   380 | D:4      | Noticed Sigmund
   398 | D:4      | Reached skill level 3 in Shields
   398 | D:4      | Gained mutation: You are afflicted with vampirism and can
                  | become a bat while bloodless. [Vampire growth]
   398 | D:4      | Reached XP level 3. HP: 20/28 MP: 3/3
   414 | D:5      | Entered Level 5 of the Dungeon
   428 | D:5      | HP: 1/28 [sleepcap (5)]
   429 | D:6      | Succumbed to an adder's poison

Illustrated notes

Levels and vault maps discovered:
D:1:      minmay_arrival_arboretum_large, layout_loops_ring, serial_shops, shop,
          nicolae_diamond_shop, shop, shop, minmay_misc_feat_rows, minivault_11,
          minivault_14
D:2:      layout_rooms, basic_altar, uniq_terence
D:3:      gammafunk_steamed_eel, layout_basic,
          mainiacjoe_overflow_cross_hatched, serial_shops,
          nicolae_shop_mannequins, dk_noncrumbling_3,
          nicolae_elevator_lobby_asterisk
D:4:      layout_rooms, xom_teletrap_fun, beargit_hepliaklqana_dungeon_heroes,
          mainiacjoe_overflow_two_lobes, sigmund_army, uniq_sigmund
D:5:      layout_basic, ashenzari_conservatory_becter, kennysheep_little_box,
          kennysheep_slug_shrine, temple_hall
D:6:      layout_gridville, okawaru_ov_weapons_minmay, serial_rivers,
          chequers_serial_rivers_room_b, chequers_serial_rivers_small_a,
          chequers_serial_rivers_room_a, chequers_serial_rivers_small_a,
          chequers_serial_rivers_small_b, chequers_serial_rivers_micro_e,
          minmay_diced_spiral

Skill      XL: |  1  2 |
---------------+-------+-----
Axes           | 2 |  2.1
Shields        | 3 |  3.0
Fighting       | |  2.9
Armour         | |  2.8
Dodging        | |  0.1

Action                     || total
---------------------------++-------
  Melee: War axe           ||    62
         Bite              ||     5
 Armour: Scale mail        ||    46
  Dodge: Dodged            ||    54
  Block: Buckler           ||    29

Table legend: (Time is in decaauts)
 A = Elapsed time spent in this place.
 B = Non-inter-level travel time spent in this place.
 C = Inter-level travel time spent in this place.
 D = Time resting spent in this place.
 E = Time spent auto-exploring this place.
 F = Levels seen in this place.
 G = Mean time per level.
                   A        B        C        D        E       F      G
               +--------+--------+--------+--------+--------+-----+--------+
         Total |    456 |    456 |      0 |      0 |      0 |   6 |   76.0 |
       Dungeon |    456 |    456 |      0 |      0 |      0 |   6 |   76.0 |
               +--------+--------+--------+--------+--------+-----+--------+

Top non-repeatable levels by time:
     D:3: 236 daAuts
     D:4: 80 daAuts
     D:1: 70 daAuts
     D:2: 54 daAuts
     D:5: 13 daAuts
     D:6: 1 daAuts
